 Dungeon Crawl Stone Soup version 0.28-a0-1524-ge72afd5fc6 (webtiles) character file.

Game seed: 7644839474366110916

1 psuckher the Sneak (level 1, -9/18 HPs)
             Began as a Barachi Delver on Jan 17, 2022.
             Mangled by Edmund (13 damage)
             ... on level 5 of the Dungeon.
             The game lasted 00:02:08 (200 turns).

psuckher the Sneak (Barachi Delver)                  Turns: 200, Time: 00:02:10

Health: -9/18      AC:  3    Str: 13    XL:     1   Next: 20%
Magic:  1/1        EV: 12    Int: 16    God:
Gold:   30         SH:  0    Dex: 13    Spells: 0/0 levels left

rFire   . . .      SeeInvis .   a - +0 falchion
rCold   . . .      Faith    .   (no shield)
rNeg    . . .      Spirit   .   b - +0 leather armour
rPois   .          Reflect  .   (no helmet)
rElec   .          Harm     .   (no cloak)
rCorr   .          Rampage  .   (no gloves)
Will    .....                   (no boots)
Stlth   +.........              (no amulet)
HPRegen 0.06/turn               h - +6 ring of intelligence
MPRegen 0.07/turn               (no ring)

@: confused, slow
A: amphibious, slowness 1, strong legs 1, +LOS
a: Hop


You were on level 5 of the Dungeon.
You visited 1 branch of the dungeon, and saw 1 of its levels.

You collected 30 gold pieces.

Inventory:

Hand Weapons
 a - a +0 falchion (weapon)
Armour
 b - a +0 leather armour (worn)
Jewellery
 h - a +6 ring of intelligence (left hand)
Wands
 g - a wand of digging (1)
Scrolls
 c - 2 scrolls of fog
 d - a scroll of magic mapping
Potions
 f - a potion of haste
 i - a potion of might {unknown}


   Skills:
 + Level 3.6 Fighting
 + Level 2.4 Long Blades
 + Level 2.1 Dodging
 + Level 4.6 Stealth


You couldn't memorise any spells.
You didn't know any spells.
Your spell library was empty.

Dungeon Overview and Level Annotations

Branches:
Dungeon (5/15)
 Temple: D:4-7

Altars:

Annotations:
D:5 1 runed translucent door, Crazy Yiuf, Edmund, Sigmund


Innate Abilities, Weirdness & Mutations

You are amphibious.
You cover ground slowly.
You can hop short distances.
You have an extended range of vision and can be seen from far away.


Message History

A rock wall.
Okay, then.
Unknown command.
Aiming: Dig
Press: ? - help, Shift-Dir - straight line You can't see that place. [Stash: a jewelled mace] [the floor.]
The rock shatters into small pieces.
Aiming: Dig
Press: ? - help, Shift-Dir - straight line
Okay, then.
Edmund the Younger comes into view.
He is wielding a +2 dire flail of protection.
Edmund shouts!
Edmund closely misses you.
There are no items here.
Aiming: Dig
Press: ? - help, Shift-Dir - straight line You can't see that place.
The rock shatters into small pieces.
Edmund hits you with a +2 dire flail of protection!
Ouch! That really hurt!
* * * LOW HITPOINT WARNING * * *
An orc comes into view. It is wielding a +0 dagger.
Edmund barely misses you.
An orc wizard and an orc come into view.
Found a stone staircase leading up.
The orc shouts!
An orc comes into view. It is wielding a +0 whip.
Found a scroll labelled QOUXOL UKHLI.
The orc wizard casts a spell at you. You resist with significant effort.
The orc shouts!
The orc wizard mumbles some strange words.
The orc wizard flickers and vanishes!
Deactivating autopickup; reactivate with Ctrl-A.
You are confused.
Edmund hits you with a +2 dire flail of protection!
Ouch! That really hurt!
You die...

.................
...#####.###.....
.. #.# ..##. .
#.# #..##.
#.##......
#.........
###O...<{...
###..@....o...
#....@.oo....#
#.......#........
#....... ......#.
........ .......#
........ .......#
........ .....#.#
........ ..#####.
?....... ###
........


You could see Edmund, an ogre and 3 orcs.

Vanquished Creatures
  A quokka (D:5)
1 creature vanquished.

Vanquished Creatures (others)
  A fungus (D:5)
1 creature vanquished.

Grand Total: 2 creatures vanquished

Notes
Turn   | Place    | Note
-------+----------+-------------------------------------------
     0 | D:5      | psuckher the Barachi Delver began the quest for the Orb.
     0 | D:5      | Reached XP level 1. HP: 18/18 MP: 1/1
   113 | D:5      | Found a runed translucent door.
   114 | D:5      | Noticed Crazy Yiuf
   132 | D:5      | Noticed Sigmund
   157 | D:5      | Noticed an ogre
   188 | D:5      | Noticed Edmund
   196 | D:5      | Noticed an orc wizard
   200 | D:5      | Mangled by Edmund

Illustrated notes

Levels and vault maps discovered:
D:5:      layout_layer_cave, uniq_sigmund, uniq_crazy_yiuf_cottage, uniq_edmund

Action                   || total
-------------------------++-------
Melee: Falchion          ||     8
Evoke: Wand              ||     2
  Use: Scroll            ||     1
Armor: Leather armour    ||     1
Dodge: Dodged            ||     5

Table legend: (Time is in decaauts)
 A = Elapsed time spent in this place.
 B = Non-inter-level travel time spent in this place.
 C = Inter-level travel time spent in this place.
 D = Time resting spent in this place.
 E = Time spent auto-exploring this place.
 F = Levels seen in this place.
 G = Mean time per level.
                   A        B        C        D        E       F      G
               +--------+--------+--------+--------+--------+-----+--------+
         Total |    237 |    147 |     90 |      0 |      0 |   1 |  237.0 |
       Dungeon |    237 |    147 |     90 |      0 |      0 |   1 |  237.0 |
               +--------+--------+--------+--------+--------+-----+--------+

Top non-repeatable levels by time:
     D:5: 237 daAuts
